cohdb
Replays
Latest Replays
All Replays
Popular Replays
Top Player Replays
Match Explorer
How It Works
Community
CoH3 Stats
Reddit
Sign in to upload your games and track your stats! →
Sign in with Steam
Match 35946957
Unlisted
Match 35946957
Overview
Messages
Build Orders
End
Construct Infanterie Kompanie
Kettenkrad Recon Vehicle
MG 42 Machine Gun Team
GrW 34 Mortar Team
Construct Panzergrenadier Kompanie
Selects Luftwaffe Battlegroup
Selects Stuka Strafing Run
Selects Luftwaffe Pioneer Support
Panzergrenadier Squad
Pak 40 Anti-tank Gun Team
Selects Stuka Strafing Run
251 Medium Carrier
Construct Panzer Kompanie
Panzergrenadier Squad
matrix4x4
gimoshau
五星上将-麦克阿瑟
PeppaPork
Enialis
ashram
0
0
Comments
sign in to comment!
No comments posted yet!